 Dungeon Crawl Stone Soup version 0.20.0-15-g7f486f2 (webtiles) character file.

119 vishdafish the Shield-Bearer (level 5, -2/33 HPs)
             Began as a Gargoyle Fighter on June 21, 2017.
             Slain by a gnoll
             ... wielding a +0 spear
              (6 damage)
             ... on level 3 of the Dungeon.
             The game lasted 00:03:29 (2059 turns).

vishdafish the Shield-Bearer (Gargoyle Fighter)     Turns: 2059, Time: 00:03:29

Health: -2/33      AC: 11    Str: 18 (20) XL:     5   Next: 3%
Magic:  5/5        EV:  7    Int:  6 (9)  God:
Gold:   130        SH:  9    Dex:  6 (9)  Spells: 4/4 levels left

rFire    . . .     SeeInvis .   a - +0 flail
rCold    . . .     Gourm    .   c - +0 shield
rNeg     + . .     Faith    .   b - +0 scale mail
rPois    ∞         Spirit   .   (no helmet)
rElec    +         Reflect  .   (no cloak)
rCorr    .         Harm     .   (no gloves)
MR       .....                  (no boots)
Stlth    ..........             (no amulet)
Regen    0.2/turn               (no ring)
MPRegen  0.1/turn               (no ring)

@: no status effects
A: negative energy resistance 1, electricity resistance, unbreathing,
petrification resistance, rot immunity, AC +4
a: no special abilities


You were on level 3 of the Dungeon.
You were not hungry.

You visited 1 branch of the dungeon, and saw 3 of its levels.

You collected 130 gold pieces.

Inventory:

Hand Weapons
 a - a +0 flail (weapon)
Armour
 b - a +0 scale mail (worn)
 c - a +0 shield (worn)
Jewellery
 m - a cursed amulet of inaccuracy {unknown}
Scrolls
 e - a scroll of amnesia {unknown}
 g - 2 scrolls of enchant weapon {unknown}
 i - 4 scrolls of identify {unknown}
 j - a scroll of magic mapping {unknown}
 o - a scroll of blinking {unknown}
Potions
 l - a potion of haste {unknown}
Comestibles
 f - 3 bread rations
 k - 3 meat rations
 n - 2 royal jellies


   Skills:
 + Level 3.8 Fighting
 + Level 3.2 Maces & Flails
 + Level 3.8 Armour
 + Level 0.2 Dodging
 + Level 0.2 Stealth
 + Level 4.2 Shields


You had 4 spell levels left.
You didn't know any spells.

Dungeon Overview and Level Annotations

Branches:
Dungeon (3/15)

Altars:


Innate Abilities, Weirdness & Mutations

You are resistant to torment.
Your stone body is resilient. (AC +4)
You are immune to poison.
You resist negative energy. (rN+)
You are resistant to electric shocks. (rElec)
You can survive without breathing.
You are immune to petrification.
You are immune to rotting.


Message History

The gnoll barely misses you. You block the gnoll's attack.
The gnoll hits you from afar with a halberd!
A gnoll comes into view. It is wielding a halberd.
You see here a gnoll corpse.
The gnoll shouts!
You thump the gnoll!
The gnoll is severely wounded.
The gnoll hits you with a spear.
The gnoll hits you from afar with a halberd!
* * * LOW HITPOINT WARNING * * *
The gnoll barely misses you.
Okay, then.
Okay, then.
Okay, then.
It was a potion of degeneration.
There was something very wrong with that liquid.
You feel weakened.
You feel dopey.
You feel clumsy. The gnoll hits you with a spear.
You die...

#.#...### .#
####.#.#g..## .#
.......#g#.... .#
#.##).#.....#####.?
#....## #.......#.
##g.## ###.#.hg #g##
#...g.hg #g###
#.####S. #@..# #.# g.
#.#.# ##.# #.
###.#.######..#####.
#.....#...............
####...##...#########.
###.#......###
............># ##
##.##...###..# #.
#..##.#.####.######.


You could see 3 gnolls.

Vanquished Creatures
  An adder (D:2)
  2 gnolls (D:3)
  4 worms (D:2)
  A dart slug (D:1)
  2 leopard geckos
  3 orcs (D:2)
  5 giant cockroaches
  9 goblins
  10 hobgoblins
  A jackal (D:1)
  2 quokkas
  9 bats
  6 frilled lizards
  9 kobolds
  7 rats
71 creatures vanquished.

Notes
Turn   | Place    | Note
-------+----------+-------------------------------------------
     0 | D:1      | vishdafish the Gargoyle Fighter began the quest for the Orb.
     0 | D:1      | Reached XP level 1. HP: 14/14 MP: 1/1
   122 | D:1      | Reached XP level 2. HP: 19/19 MP: 2/2
   491 | D:1      | Reached XP level 3. HP: 24/24 MP: 3/3
   753 | D:1      | Reached skill level 4 in Shields
  1040 | D:2      | Reached XP level 4. HP: 7/29 MP: 4/4
  2056 | D:3      | Reached XP level 5. HP: 21/33 MP: 5/5
  2059 | D:3      | Slain by a gnoll

Skill      XL: |  1  2  3  4 |
---------------+-------------+-----
Shields        | 4 |  4.2
Maces & Flails | 3 |  3.2
Fighting       | |  3.8
Armour         | |  3.8
Dodging        | |  0.2
Stealth        | |  0.2

Action                   |  1- 3 |  4- 6 || total
-------------------------+-------+-------++-------
Melee: Flail             |   137 |    95 ||   232
  Use: Potion            |     1 |     2 ||     3
  Eat: Bread ration      |     1 |       ||     1
Armor: Scale mail        |    64 |    70 ||   134
Dodge: Dodged            |    47 |    47 ||    94
Block: Shield            |    66 |    77 ||   143
